3AA
BATTLE GROUND AEROS @ VIRGINIA BEACH DEUCES
05/03/2020
 
TOP OF THE 1ST
Battle Ground Aeros batting - Pitching for Virginia Beach Deuces : RHP John Bailey
Pitching: RHP John Bailey
Batting: RHB Jim Unknown 0-0: Ball
1-0: Ball
2-0: Ball
3-0: Called Strike
3-1: Base on Balls
Batting: RHB Augusto Flores 0-0: Foul Ball, location: 2F
0-1: Ball
1-1: Ball
2-1: Ball
3-1: Base on Balls
Jim Unknown to second
Batting: RHB Jim Unknown 0-0: Ball
1-0: Fly out, F9 (Flyball, 89D)
Batting: RHB Wayne Cameron 0-0: Ball
1-0: Foul Ball, location: 2F
1-1: Ball
2-1: SINGLE (Groundball, 6MD)
Jim Unknown to third
Augusto Flores to second
Runner from 3rd tries for Home, SAFE, throw made home
Augusto Flores to third
Wayne Cameron to second
Batting: LHB Kenny Webster 0-0: Ball
1-0: Ball
2-0: Swinging Strike
2-1: Ball
3-1: Foul Ball, location: 2F
3-2: Base on Balls
Batting: SHB Shawn Sánchez 0-0: Called Strike
0-1: Called Strike
0-2: Foul Ball, location: 2F
0-2: DOUBLE (Groundball, 3L)
Augusto Flores scores
Wayne Cameron scores
Kenny Webster to third
Batting: SHB Jim Unknown 0-0: Ball
1-0: Ball
2-0: Called Strike
2-1: Swinging Strike
2-2: Ball
3-2: Foul Ball, location: 2F
3-2: Foul Ball, location: 2F
3-2: Foul Ball, location: 2F
3-2: Base on Balls
Batting: LHB Jim Unknown 0-0: Ball
1-0: Foul Ball, location: 2F
1-1: Called Strike
1-2: Ball
2-2: Foul Ball, location: 2F
2-2: Ball
3-2: Foul Ball, location: 2F
3-2: Foul Ball, location: 2F
3-2: Foul Ball, location: 2F
3-2: Strikes out swinging
Batting: SHB Jim Unknown 0-0: Ball
1-0: Ball
2-0: Fly out, F7 (Flyball, 78M)
Top of the 1st over - 3 run(s), 2 hit(s), 0 error(s), 3 left on base; Battle Ground 3 - Virginia Beach 0
BOTTOM OF THE 1ST
Virginia Beach Deuces batting - Pitching for Battle Ground Aeros : LHP Greg Kelly
Pitching: LHP Greg Kelly
Batting: RHB Javier Santos 0-0: SINGLE (Line Drive, 6MD)
Batting: LHB Craig Lovins 0-0: Ball
1-0: Foul Ball, location: 2F
1-1: Ground out 2-3 (Groundball, 23)
Javier Santos to second
Batting: LHB Carl Gore 0-0: Called Strike
0-1: Foul Ball, location: 2F
0-2: Ball
1-2: Ball
2-2: Fly out, F5 (Line Drive, 56S)
2-2: Fly out, F5 (Line Drive, 56S)
Batting: LHB Álex Burgos 0-0: Fly out, F7 (Flyball, 7M)
Bottom of the 1st over - 0 run(s), 1 hit(s), 0 error(s), 1 left on base; Battle Ground 3 - Virginia Beach 0
TOP OF THE 2ND
Battle Ground Aeros batting - Pitching for Virginia Beach Deuces : RHP John Bailey
Batting: RHB Jim Unknown 0-0: Called Strike
0-1: Ground out 6-3 (Groundball, 6M)
Batting: RHB Augusto Flores 0-0: Ball
1-0: Called Strike
1-1: Ball
2-1: Swinging Strike
2-2: Ball
3-2: Strikes out swinging
Batting: RHB Jim Unknown 0-0: Swinging Strike
0-1: Ball
1-1: Called Strike
1-2: Ground out 4-3 (Groundball, 4)
Top of the 2nd over - 0 run(s), 0 hit(s), 0 error(s), 0 left on base; Battle Ground 3 - Virginia Beach 0
BOTTOM OF THE 2ND
Virginia Beach Deuces batting - Pitching for Battle Ground Aeros : LHP Greg Kelly
Batting: RHB Kelly Flint 0-0: Called Strike
0-1: Ball
1-1: DOUBLE (Line Drive, 7LM)
Batting: RHB Scott Miller 0-0: Ball
1-0: Ball
2-0: Ground out 4-3 (Groundball, 4M)
Kelly Flint to third
Batting: RHB Ludwig Kluge 0-0: Reached on error, E6 (Groundball, 6)
Kelly Flint scores
Batting: LHB Jim Unknown 0-0: Ball
1-0: Fielders Choice at 2nd, 4-6 (Groundball, 4M)
Batting: LHB Jim Unknown 0-0: Ball
1-0: Ball
2-0: Foul Ball, location: 2F
2-1: Ball
3-1: Fly out, F4 (Popup, 4M)
Bottom of the 2nd over - 1 run(s), 1 hit(s), 1 error(s), 1 left on base; Battle Ground 3 - Virginia Beach 1
TOP OF THE 3RD
Battle Ground Aeros batting - Pitching for Virginia Beach Deuces : RHP John Bailey
Batting: RHB Wayne Cameron 0-0: Swinging Strike
0-1: Ball
1-1: Swinging Strike
1-2: Ball
2-2: Foul Ball, location: 2F
2-2: Fly out, F8 (Popup, 4MD)
Batting: LHB Kenny Webster 0-0: Ball
1-0: Ball
2-0: Ball
3-0: Called Strike
3-1: Base on Balls
Batting: SHB Shawn Sánchez 0-0: Swinging Strike
0-1: Called Strike
0-2: Foul Ball, location: 2F
0-2: Ball
1-2: Foul Ball, location: 2F
1-2: Strikes out swinging
Batting: SHB Jim Unknown 0-0: Foul Ball, location: 2F
0-1: Ball
1-1: Fly out, F8 (Flyball, 78M)
Top of the 3rd over - 0 run(s), 0 hit(s), 0 error(s), 1 left on base; Battle Ground 3 - Virginia Beach 1
BOTTOM OF THE 3RD
Virginia Beach Deuces batting - Pitching for Battle Ground Aeros : LHP Greg Kelly
Batting: RHB Javier Santos 0-0: Swinging Strike
0-1: Foul Ball, location: 2F
0-2: Ball
1-2: Foul Ball, location: 2F
1-2: Ground out 5-3 (Groundball, 5L)
Batting: LHB Craig Lovins 0-0: Ball
1-0: Swinging Strike
1-1: Foul Ball, location: 2F
1-2: Foul Ball, location: 2F
1-2: Ball
2-2: Foul Ball, location: 2F
2-2: Foul Ball, location: 2F
2-2: SINGLE (Flyball, 7S)
Batting: LHB Carl Gore 0-0: Ball
1-0: Ball
2-0: Ball
3-0: Base on Balls
Craig Lovins to second
Batting: LHB Álex Burgos 0-0: Called Strike
0-1: Foul Ball, location: 2F
0-2: Ball
1-2: SINGLE (Line Drive, 9S)
Craig Lovins to third
Carl Gore to second
Batting: RHB Kelly Flint 0-0: Called Strike
0-1: Foul Ball, location: 2F
0-2: Ball
1-2: Foul Ball, location: 2F
1-2: Ball
2-2: Foul Ball, location: 2F
2-2: Ball
3-2: SINGLE (Line Drive, 89S)
Craig Lovins scores
Carl Gore to third
Álex Burgos to second
Batting: RHB Scott Miller 0-0: Swinging Strike
0-1: Foul Ball, location: 2F
0-2: Strikes out swinging
Batting: RHB Ludwig Kluge 0-0: Called Strike
0-1: Called Strike
0-2: Ball
1-2: Ball
2-2: Strikes out swinging
Bottom of the 3rd over - 1 run(s), 3 hit(s), 0 error(s), 3 left on base; Battle Ground 3 - Virginia Beach 2
TOP OF THE 4TH
Battle Ground Aeros batting - Pitching for Virginia Beach Deuces : RHP John Bailey
Batting: LHB Jim Unknown 0-0: Ground out 6-3 (Groundball, 6M)
Batting: SHB Jim Unknown 0-0: Ball
1-0: Called Strike
1-1: Ground out 5-3 (Groundball, 56)
Batting: RHB Jim Unknown 0-0: Called Strike
0-1: Ground out 6-3 (Groundball, 6)
Top of the 4th over - 0 run(s), 0 hit(s), 0 error(s), 0 left on base; Battle Ground 3 - Virginia Beach 2
BOTTOM OF THE 4TH
Virginia Beach Deuces batting - Pitching for Battle Ground Aeros : LHP Greg Kelly
Batting: LHB Jim Unknown 0-0: Bunt missed!
0-1: Fly out, F8 (Flyball, 8LM)
Batting: LHB Jim Unknown 0-0: Ground out 4-3 (Groundball, 4)
Batting: RHB Javier Santos 0-0: Called Strike
0-1: Ball
1-1: Foul Ball, location: 2F
1-2: Ball
2-2: Ball
3-2: Foul Ball, location: 2F
3-2: Foul Ball, location: 2F
3-2: Ground out 3-1 (Groundball, 34)
Bottom of the 4th over - 0 run(s), 0 hit(s), 0 error(s), 0 left on base; Battle Ground 3 - Virginia Beach 2
TOP OF THE 5TH
Battle Ground Aeros batting - Pitching for Virginia Beach Deuces : RHP John Bailey
Pitching: RHP Keith Blanton
Batting: RHB Augusto Flores 0-0: Called Strike
0-1: Ball
1-1: Ground out 6-3 (Groundball, 6)
Batting: RHB Jim Unknown 0-0: Swinging Strike
0-1: Called Strike
0-2: Ball
1-2: Ground out 6-3 (Groundball, 6M)
Batting: RHB Wayne Cameron 0-0: Swinging Strike
0-1: Foul Ball, location: 2F
0-2: Foul Ball, location: 2F
0-2: Strikes out swinging
Top of the 5th over - 0 run(s), 0 hit(s), 0 error(s), 0 left on base; Battle Ground 3 - Virginia Beach 2
BOTTOM OF THE 5TH
Virginia Beach Deuces batting - Pitching for Battle Ground Aeros : LHP Greg Kelly
Batting: LHB Craig Lovins 0-0: Ball
1-0: Ball
2-0: Ball
3-0: Called Strike
3-1: Swinging Strike
3-2: Foul Ball, location: 2F
3-2: Foul Ball, location: 2F
3-2: Base on Balls
Batting: LHB Carl Gore 0-0: Swinging Strike
0-1: Foul Ball, location: 2F
0-2: Ball
1-2: Foul Ball, location: 2F
1-2: Ball
2-2: Grounds into double play, U3-6 (Groundball, 3L)
Batting: LHB Álex Burgos 0-0: Foul Ball, location: 2F
0-1: Foul Ball, location: 2F
0-2: Foul Ball, location: 2F
0-2: Foul Ball, location: 2F
0-2: Ball
1-2: Ball
2-2: Foul Ball, location: 2F
2-2: Foul Ball, location: 2F
2-2: Strikes out swinging
Bottom of the 5th over - 0 run(s), 0 hit(s), 0 error(s), 0 left on base; Battle Ground 3 - Virginia Beach 2
TOP OF THE 6TH
Battle Ground Aeros batting - Pitching for Virginia Beach Deuces : RHP Keith Blanton
Batting: LHB Kenny Webster 0-0: Foul Ball, location: 2F
0-1: Swinging Strike
0-2: Foul Ball, location: 2F
0-2: Ball
1-2: Foul Ball, location: 2F
1-2: Foul Ball, location: 2F
1-2: Ball
2-2: Foul Ball, location: 2F
2-2: Ball
3-2: SOLO HOME RUN (Line Drive, 9D), Distance : 380 ft
Batting: SHB Shawn Sánchez 0-0: Bunted foul
0-1: Ball
1-1: Foul Ball, location: 2F
1-2: Ball
2-2: Ball
3-2: Foul Ball, location: 2F
3-2: Base on Balls
Batting: SHB Jim Unknown 0-0: Sac Bunt - play at second, runner OUT! 1-6
Batting: LHB Jim Unknown 0-0: Called Strike
0-1: Fly out, F7 (Flyball, 78M)
Batting: SHB Jim Unknown 0-0: Called Strike
0-1: Ground out 4-3 (Groundball, 4)
Top of the 6th over - 1 run(s), 1 hit(s), 0 error(s), 1 left on base; Battle Ground 4 - Virginia Beach 2
BOTTOM OF THE 6TH
Virginia Beach Deuces batting - Pitching for Battle Ground Aeros : LHP Greg Kelly
Pitching: RHP Joe Lynn
Batting: RHB Kelly Flint 0-0: Ball
1-0: Fly out, F9 (Popup, 3D)
Batting: RHB Scott Miller 0-0: Called Strike
0-1: Foul Ball, location: 2F
0-2: Strikes out swinging
Batting: RHB Ludwig Kluge 0-0: Ball
1-0: Ball
2-0: Foul Ball, location: 2F
2-1: Fly out, F8 (Popup, 8LS)
Bottom of the 6th over - 0 run(s), 0 hit(s), 0 error(s), 0 left on base; Battle Ground 4 - Virginia Beach 2
TOP OF THE 7TH
Battle Ground Aeros batting - Pitching for Virginia Beach Deuces : RHP Keith Blanton
Pitching: RHP Martin Benthall
Batting: RHB Jim Unknown 0-0: Ball
1-0: Called Strike
1-1: Foul Ball, location: 2F
1-2: Foul Ball, location: 2F
1-2: Ground out 6-3 (Groundball, 6)
Batting: RHB Augusto Flores 0-0: Ball
1-0: Ball
2-0: SINGLE (Groundball, 6MD)
Batting: RHB Jim Unknown 0-0: Ball
1-0: Called Strike
1-1: Foul Ball, location: 2F
1-2: Ball
2-2: Strikes out looking
Batting: RHB Wayne Cameron 0-0: Ball
1-0: Called Strike
1-1: Swinging Strike
1-2: Foul Ball, location: 2F
1-2: Foul Ball, location: 2F
1-2: Foul Ball, location: 2F
1-2: Ball
2-2: Fly out, F2 (Popup, 2L)
Top of the 7th over - 0 run(s), 1 hit(s), 0 error(s), 1 left on base; Battle Ground 4 - Virginia Beach 2
BOTTOM OF THE 7TH
Virginia Beach Deuces batting - Pitching for Battle Ground Aeros : RHP Joe Lynn
Batting: LHB Jim Unknown 0-0: Fly out, F5 (Popup, 5SF)
Batting: LHB Jim Unknown 0-0: Fly out, F4 (Popup, 4)
Batting: RHB Javier Santos 0-0: Ball
1-0: SINGLE (Flyball, 9LS)
Pitching: LHP Jeffery Howell
Batting: LHB Craig Lovins 0-0: Ball
Pickoff Throw to First - Out!
Bottom of the 7th over - 0 run(s), 1 hit(s), 0 error(s), 0 left on base; Battle Ground 4 - Virginia Beach 2
TOP OF THE 8TH
Battle Ground Aeros batting - Pitching for Virginia Beach Deuces : RHP Martin Benthall
Batting: LHB Kenny Webster 0-0: Ball
1-0: Ball
2-0: Ball
3-0: Base on Balls
Batting: SHB Shawn Sánchez 0-0: Sac Bunt - play at first, batter OUT! 1-4
Kenny Webster to second
Batting: SHB Jim Unknown 0-0: Ball
1-0: SINGLE (Groundball, 4MD)
Kenny Webster to third
Runner from 3rd tries for Home, SAFE, throw made home
Batting: LHB Jim Unknown 0-0: Fly out, F9 (Flyball, 9M)
Batting: SHB Jim Unknown 0-0: Ground out 4-3 (Groundball, 4)
Top of the 8th over - 1 run(s), 1 hit(s), 0 error(s), 1 left on base; Battle Ground 5 - Virginia Beach 2
BOTTOM OF THE 8TH
Virginia Beach Deuces batting - Pitching for Battle Ground Aeros : LHP Jeffery Howell
Batting: LHB Craig Lovins 0-0: Ball
1-0: SOLO HOME RUN (Flyball, 7LD), Distance : 375 ft
Batting: LHB Carl Gore 0-0: Called Strike
0-1: Called Strike
0-2: Strikes out swinging
Pitching: RHP Emílio Rodríguez
Batting: LHB Álex Burgos 0-0: Called Strike
0-1: Ball
1-1: Swinging Strike
1-2: Ball
2-2: Ball
3-2: Base on Balls
Pitching: LHP Ronaldo Rey
Batting: RHB Kelly Flint 0-0: Called Strike
0-1: Swinging Strike
0-2: Foul Ball, location: 2F
0-2: Ball
1-2: SINGLE (Line Drive, 9S)
Álex Burgos to second
Pinch Hitting: RHB Jim Unknown 0-0: Called Strike
0-1: Ball
1-1: Foul Ball, location: 2F
1-2: Foul Ball, location: 2F
1-2: Ball
2-2: Strikes out swinging
Pinch Hitting: RHB Luis Sáenz 0-0: Swinging Strike
0-1: Foul Ball, location: 2F
0-2: SINGLE (Groundball, 6M)
Álex Burgos to third
Kelly Flint to second
Runner from 3rd tries for Home, SAFE, throw made at trailing runner, SAFE at third!
Pinch Hitting: RHB Jim Unknown 0-0: Ball
1-0: Called Strike
1-1: Called Strike
1-2: DOUBLE (Line Drive, 78M)
Kelly Flint scores
Luis Sáenz to third
Pinch Hitting: RHB Jim Unknown 0-0: Ground out 5-3 (Groundball, 15S)
Bottom of the 8th over - 3 run(s), 4 hit(s), 0 error(s), 2 left on base; Battle Ground 5 - Virginia Beach 5
TOP OF THE 9TH
Battle Ground Aeros batting - Pitching for Virginia Beach Deuces : RHP Martin Benthall
Pitching: RHP Omer van Osch
Now at SS: Luis Sáenz
Now in LF: Jim Unknown
Now in CF: Jim Unknown
Now in RF: Jim Unknown
Batting: RHB Jim Unknown 0-0: Foul Ball, location: 2F
0-1: Fly out, F8 (Flyball, 8RM)
Batting: RHB Augusto Flores 0-0: SOLO HOME RUN (Line Drive, 78XD), Distance : 438 ft
Batting: RHB Jim Unknown 0-0: Ball
1-0: Ball
2-0: Ball
3-0: Base on Balls
Batting: RHB Wayne Cameron 0-0: Ball
1-0: Swinging Strike
1-1: Foul Ball, location: 2F
1-2: Strikes out swinging
Batting: LHB Kenny Webster 0-0: Fly out, F7 (Flyball, 78M)
Top of the 9th over - 1 run(s), 1 hit(s), 0 error(s), 1 left on base; Battle Ground 6 - Virginia Beach 5
BOTTOM OF THE 9TH
Virginia Beach Deuces batting - Pitching for Battle Ground Aeros : LHP Ronaldo Rey
Pitching: RHP Rex Hood
Batting: RHB Javier Santos 0-0: Fly out, F9 (Flyball, 9LM)
Batting: LHB Craig Lovins 0-0: Foul Ball, location: 2F
0-1: Ball
1-1: Ball
2-1: Ball
3-1: SOLO HOME RUN (Line Drive, 89XD), Distance : 430 ft
Batting: LHB Carl Gore 0-0: Swinging Strike
0-1: Foul Ball, location: 2F
0-2: Ball
1-2: DOUBLE (Line Drive, 7M)
Batting: LHB Álex Burgos 0-0: Intentional Walk
Batting: RHB Kelly Flint 0-0: Ball
1-0: Foul Ball, location: 2F
1-1: SINGLE (Line Drive, 78M)
Carl Gore to third
Álex Burgos to second
Runner from 3rd tries for Home, SAFE, throw made home
This league is powered by Out of the Park Baseball, the baseball management simulation game for PC, Mac and Linux
Friday, October 23rd, 2015 - OOTP Baseball 16.9 Build 39